 Dungeon Crawl Stone Soup version 0.31.0-32-g396128a36d (webtiles) character file.

Game seed: 4862168459676720257

266 AdnanSaban the Cudgeller (level 6, 0/38 HPs)
             Began as a Gargoyle Fighter on Apr 15, 2024.
             Slain by a gnoll
             ... wielding a +0 spear
              (5 damage)
             ... on level 3 of the Dungeon.
             The game lasted 00:03:56 (2198 turns).

AdnanSaban the Cudgeller (Gargoyle Fighter)         Turns: 2198, Time: 00:03:57

Health: 0/38       AC: 11    Str: 22    XL:     6   Next: 20%
Magic:  6/6        EV: 10    Int:  8    God:
Gold:   181        SH:  4    Dex:  9    Spells: 5/5 levels left

rFire   + . .        n - +1 club (spect)
rCold   . . .        c - +0 buckler
rNeg    + . .        b - +0 scale mail
rPois   ∞            (no helmet)
rElec   +            (no cloak)
rCorr   +            (no gloves)
SInv    .            (no boots)
Will    .....        (no amulet) Stlth
                     l - ring of resist corrosion
HPRegen 0.26/turn    f - ring of protection from fire
MPRegen 0.10/turn

%: no passive effects
@: no status effects
A: sickness immunity, AC +4, negative energy resistance 1, electricity
resistance, torment resistance 1, petrification resistance
a: no special abilities


You were on level 3 of the Dungeon.
You visited 1 branch of the dungeon, and saw 3 of its levels.

You collected 181 gold pieces.

Inventory:

Hand Weapons
 a - a +0 flail
 n - a +1 spectral club (weapon)
Armour
 b - a +0 scale mail (worn)
 c - a +0 buckler (worn)
Jewellery
 e - a ring of flight
 f - a ring of protection from fire (right hand)
 l - a ring of resist corrosion (left hand)
Scrolls
 h - 6 scrolls of identify {unknown}
 k - 2 scrolls of fear {unknown}
 m - a scroll of fog {unknown}
 o - a scroll of vulnerability {unknown}
 q - a scroll of teleportation {unknown}
Potions
 d - 2 potions of might
 g - 3 potions of curing {unknown}
 i - a potion of haste {unknown}
 j - a potion of attraction {unknown}
 p - a potion of enlightenment {unknown}
 r - 2 potions of resistance {unknown}


   Skills:
 + Level 3.9 Fighting
 + Level 4.3 Maces & Flails
 + Level 4.3 Armour
 + Level 1.9 Dodging
 + Level 0.1 Stealth
 + Level 3.6 Shields


You had 5 spell levels left.
You didn't know any spells.
Your spell library contained the following spells:

 Spells                   Type           Power      Damage    Failure   Level
 Slow                     Hex            0%         N/A       80%         1
 Confusing Touch          Hex            0%         N/A       99%         3
 Sigil of Binding         Hex            0%         N/A       99%         3
 Vampiric Draining        Necr           0%         2d6       99%         3


Dungeon Overview and Level Annotations

Branches:
Dungeon (3/15)

Altars:
Ashenzari
Makhleb
Wu Jian


Innate Abilities, Weirdness & Mutations

You are immune to sickness and miasma.
Your stone body is resilient. (AC +4)
You are immune to poison.
You resist negative energy. (rN+)
You are resistant to electric shocks. (rElec)
You are resistant to unholy torment.
You are immune to petrification.


Message History

The goblin shoots a sling bullet.
The sling bullet hits you but does no damage.
A goblin comes into view. It is wielding a +0 club.
The goblin shoots a sling bullet.
The sling bullet closely misses you. The hobgoblin closely misses you.
You hear a shout! x2
You hit the hobgoblin.
The hobgoblin is almost dead.
Your +1 spectral club hits the hobgoblin.
You kill the hobgoblin!
You hear a shout! x2
The goblin shoots a sling bullet.
You block the sling bullet.
A gnoll comes into view. It is wielding a +0 spear.
A hobgoblin comes into view. It is wielding a +0 club.
The goblin barely misses you.
You hit the goblin.
The goblin is moderately wounded.
Your +1 spectral club hits the goblin.
The goblin shoots a sling bullet.
The sling bullet closely misses you.
The sling bullet barely misses the goblin.
The goblin hits your +1 spectral club with a +0 club.
Your spectral weapon shares its damage with you!
* * * LOW HITPOINT WARNING * * *
The goblin hits you but does no damage.
You hit the goblin.
You kill the goblin!
Your +1 spectral club disappears.
A hobgoblin comes into view. It is wielding a +0 club.
The goblin hits you but does no damage.
You closely miss the goblin.
Your +1 spectral club hits the goblin.
A hobgoblin comes into view. It is wielding a +0 club.
The hobgoblin closely misses you. The goblin hits you but does no damage.
A hobgoblin comes into view. It is wielding a +0 club.
The gnoll barely misses you.
You hit the goblin.
You kill the goblin!
Your +1 spectral club disappears.
The hobgoblin completely misses you.
The gnoll hits you from afar with a +0 spear.
You die...

############### ....$.....#....
..........'.. '##
..........####### ...g
#.......... ..g.. #..).......
.g...g########.......... '
#g.gg@g......))#######
#.....)........)...... ≈≈≈≈≈≈≈#
#..?...........#...... ≈≈≈≈≈≈≈#
######################
≈≈≈≈≈≈≈#####≈≈≈≈≈≈≈≈≈≈≈≈≈≈≈≈≈≈≈≈≈
≈≈≈~~~≈≈≈≈≈≈~≈≈≈≈≈≈~≈≈≈≈≈≈≈≈~≈≈~≈
~≈~≈~~~~~≈≈~~~~~~~~~~~~~≈~≈~≈~~~≈
~.~~.~~.~~~~~.~.~~..~~~~~~~~~~.~~
.................................


You could see a gnoll, 4 hobgoblins and 3 goblins.

Vanquished Creatures
  Jessica (D:3)
  Natasha (thrice) (D:3)
  6 gnolls (D:3)
  A ribbon worm (D:2)
  4 endoplasms
  2 giant cockroaches (D:1)
  24 goblins
  15 hobgoblins
  2 jackals (D:2)
  11 kobolds
  7 quokkas
  6 ball pythons
  5 bats
  4 frilled lizards
  6 rats
97 creatures vanquished.

Notes
Turn   | Place    | Note
-------+----------+-------------------------------------------
     0 | D:1      | AdnanSaban the Gargoyle Fighter began the quest for the
                  | Orb.
     0 | D:1      | Reached XP level 1. HP: 14/14 MP: 1/1
   140 | D:1      | Reached XP level 2. HP: 19/19 MP: 2/2
   431 | D:1      | Reached XP level 3. HP: 23/24 MP: 3/3
  1076 | D:3      | Noticed Jessica
  1077 | D:3      | Noticed Natasha
  1079 | D:3      | Killed Jessica
  1080 | D:3      | Reached XP level 4. HP: 23/29 MP: 4/4
  1084 | D:3      | Killed Natasha
  1239 | D:3      | Noticed Natasha
  1246 | D:3      | Killed Natasha
  1247 | D:3      | Reached XP level 5. HP: 26/33 MP: 5/5
  1274 | D:3      | Found a faded altar of an unknown god.
  1420 | D:3      | Found an ornate altar of the Wu Jian Council.
  1422 | D:3      | Found a burning altar of Makhleb.
  1549 | D:3      | Found a broken altar of Ashenzari.
  1563 | D:3      | Noticed Natasha
  1571 | D:3      | Killed Natasha
  1572 | D:3      | Reached skill level 1 in Dodging
  2059 | D:3      | Reached XP level 6. HP: 25/38 MP: 6/6
  2198 | D:3      | Slain by a gnoll

Illustrated notes

Levels and vault maps discovered:
D:1:      nzn_arrival_settlement, layout_basic
D:2:      layout_rooms
D:3:      minmay_goblin_kobold_castle, layout_rooms, minitemple,
          nicolae_overflow_hidden_temple,
          shapermc_ecumenical_altar_mp_highgroup, uniq_sigmund, uniq_natasha,
          uniq_jessica

Skill      XL: |  1  2  3  4  5 |
---------------+----------------+-----
Maces & Flails | 3 4 |  4.3
Dodging        | 1 |  1.9
Armour         | 4 |  4.3
Fighting       | |  3.9
Stealth        | |  0.1
Shields        | |  3.6

Action                     |  1- 3 |  4- 6 || total
---------------------------+-------+-------++-------
  Melee: Flail             |   140 |    14 ||   154
         Club              |       |   165 ||   165
 Armour: Scale mail        |    99 |   210 ||   309
  Dodge: Dodged            |    87 |   117 ||   204
  Block: Buckler           |    27 |    53 ||    80
